 Dungeon Crawl Stone Soup version 0.19.5 (webtiles) character file.

838 JustSomeDude the Chopper (level 7, 0/55 HPs)
             Began as a Demonspawn Fighter on Mar 21, 2017.
             Slain by an ogre
             ... wielding a +0 giant club
              (12 damage)
             ... on level 5 of the Dungeon.
             The game lasted 00:12:18 (4087 turns).

JustSomeDude the Chopper (Demonspawn Fighter)       Turns: 4087, Time: 00:12:19

Health: 0/55       AC: 14    Str: 18    XL:     7   Next: 67%
Magic:  7/7        EV:  8    Int: 10    God:
Gold:   203        SH:  9    Dex: 12    Spells: 0 memorised, 6 levels left

rFire  . . .     SeeInvis .     a - +0 war axe
rCold  + . .     Gourm    .     b - +0 scale mail
rNeg   + . .     Faith    .     c - +0 shield
rPois  .         Spirit   .     (no helmet)
rElec  .         Reflect  .     (no cloak)
rCorr  .         Harm     .     (no gloves)
MR     .....                    (no boots)
Stlth  ..........               (no amulet)
                                t - +5 ring of protection
                                B - ring of positive energy

@: no status effects
A: slimy green scales 1, cold resistance 1, demonic guardian 1, freezing cloud
immunity
a: no special abilities


You were on level 5 of the Dungeon.
You were hungry.

You visited 1 branch of the dungeon, and saw 5 of its levels.

You collected 203 gold pieces.

Inventory:

Hand Weapons
 a - a +0 war axe (weapon)
Missiles
 w - 8 tomahawks (quivered)
Armour
 b - a +0 scale mail (worn)
 c - a +0 shield (worn)
Jewellery
 h - an uncursed ring of stealth
 r - an uncursed ring of ice
 t - a +5 ring of protection (right hand)
 B - a ring of positive energy (left hand)
 C - an uncursed ring of ice
 E - an uncursed amulet of rage {unknown}
Wands
 z - a wand of disintegration (9/24)
 A - a wand of teleportation (0/9)
Scrolls
 i - 4 scrolls of remove curse {unknown}
 l - 5 scrolls of identify
 o - a scroll of magic mapping {unknown}
 q - a scroll of fear {unknown}
 u - 2 scrolls of teleportation {unknown}
 x - 2 scrolls of noise {unknown}
 y - 2 scrolls of recharging {unknown}
Potions
 e - a potion of mutation {unknown}
 j - a potion of resistance {unknown}
 k - 3 potions of curing
 m - 2 potions of ambrosia {unknown}
 n - 3 potions of heal wounds {unknown}
 p - a potion of flight {unknown}
 s - a potion of berserk rage {unknown}
 D - 2 potions of haste {unknown}
Books
 G - a book of Changes

   Spells                             Type                      Level
   a - Beastly Appendage              Transmutation                1
   b - Sticks to Snakes               Transmutation                2
   c - Spider Form                    Transmutation/Poison         3
   d - Ice Form                       Ice/Transmutation            4
   e - Blade Hands                    Transmutation                5
Comestibles
 d - a beef jerky
 f - 3 bread rations
 g - 4 meat rations
 v - 5 fruits
 F - 7 chunks of flesh


   Skills:
 + Level 4.3 Fighting
 + Level 4.9 Axes
 + Level 0.1 Throwing
 + Level 4.5 Armour
 + Level 2.1 Dodging
 + Level 1.7 Stealth
 + Level 4.0 Shields


You had 6 spell levels left.
You didn't know any spells.

Dungeon Overview and Level Annotations

Branches:
Dungeon (5/15)
 Temple: D:4-7

Altars:
Fedhas
Nemelex Xobeh
Okawaru
Xom

Shops:
D:5 }


Innate Abilities, Weirdness & Mutations

You are partially covered in slimy green scales. (AC +2)
Your flesh is cold resistant. (rC+)
A weak demonic guardian rushes to your aid.
You are immune to freezing clouds.


Message History

The ogre hits you with a giant club!
You barely miss the ogre.
The ogre is heavily wounded.
The ogre closely misses you.
You slash the ogre!
The ogre is severely wounded.
The ogre hits you but does no damage.
You barely miss the ogre.
The ogre is severely wounded.
The ogre hits you with a giant club!
* * * LOW HITPOINT WARNING * * *
You swap places.
Your shadow imp disappears in a puff of smoke!
You hit the ogre.
The ogre is severely wounded.
You block the ogre's attack.
Your shield prevents you from hitting the ogre.
The ogre is severely wounded.
The ogre hits you with a giant club!
You die...

### ..# #.# #.# #.#
#.# #.# #..#.#O#
#.#..#.#@# .
#.#..#.#.# #
#.#..#.#.# #
#.#..#.#[### #
#.#....#...# #
#.#.##⌠.⌠#.## #
#######.#....∩....#
#
#..........#⌠.⌠.###
# #.#####.##.######


You could see an ogre.

Vanquished Creatures
  The ghost of sveltemanboy the Conjurer, an amateur DsVM (D:4)
  An ogre (D:5)
  Blork the orc (D:4)
  3 crimson imps
  2 hounds
  3 orc wizards
  Ijyb (D:3)
  An iguana (D:5)
  5 gnolls
  3 adders
  An ooze (D:1)
  A worm (D:2)
  4 dart slugs
  2 leopard geckos (D:1)
  8 orcs
  A ball python (D:2)
  2 giant cockroaches
  11 goblins
  8 hobgoblins
  9 jackals
  7 bats
  3 frilled lizards
  A jackal skeleton (D:4)
  10 kobolds
  14 rats
103 creatures vanquished.

Vanquished Creatures (collateral kills)
  Sigmund (D:2)
  A crimson imp (D:4)
  2 orc priests (D:5)
  3 orc wizards
  A giant cockroach (D:5)
8 creatures vanquished.

Grand Total: 111 creatures vanquished

Notes
Turn   | Place    | Note
-------+----------+-------------------------------------------
     0 | D:1      | JustSomeDude the Demonspawn Fighter began the quest for the Orb.
     0 | D:1      | Reached XP level 1. HP: 18/18 MP: 1/1
   475 | D:1      | Gained mutation: A weak demonic guardian rushes to your aid. [demonic ancestry]
   475 | D:1      | Reached XP level 2. HP: 19/24 MP: 2/2
  1028 | D:1      | Gained mutation: Your flesh is cold resistant. (rC+) [demonic ancestry]
  1028 | D:1      | Reached XP level 3. HP: 29/29 MP: 3/3
  1429 | D:2      | Reached XP level 4. HP: 21/35 MP: 4/4
  1891 | D:2      | Noticed Sigmund
  1907 | D:2      | Killed Sigmund
  1907 | D:2      | Reached skill level 1 in Dodging
  1907 | D:2      | Gained mutation: You are partially covered in slimy green scales. (AC +2) [demonic ancestry]
  1907 | D:2      | Reached XP level 5. HP: 17/41 MP: 5/5
  2072 | D:3      | Noticed Ijyb
  2299 | D:3      | Killed Ijyb
  2453 | D:3      | Found a blossoming altar of Fedhas.
  2734 | D:4      | Gained mutation: You are immune to freezing clouds. [demonic ancestry]
  2734 | D:4      | Reached XP level 6. HP: 29/48 MP: 6/6
  2965 | D:4      | Noticed Blork the orc
  2986 | D:4      | Killed Blork the orc
  2986 | D:4      | Reached skill level 1 in Stealth
  3069 | D:4      | Found a shimmering altar of Xom.
  3081 | D:4      | Found a sparkling altar of Nemelex Xobeh.
  3099 | D:4      | Noticed sveltemanboy's ghost (amateur DsVM)
  3136 | D:4      | Killed sveltemanboy's ghost
  3294 | D:4      | Reached XP level 7. HP: 53/53 MP: 7/7
  3645 | D:5      | Entered Level 5 of the Dungeon
  3931 | D:5      | Found an iron altar of Okawaru.
  4056 | D:5      | Found Taenauh's Gadget Emporium.
  4087 | D:5      | Slain by an ogre

Skill      XL: |  1  2  3  4  5  6  7 |
---------------+----------------------+-----
Armour         | 3 4 |  4.5
Axes           | 2 3 4 |  4.9
Shields        | 3 4 |  4.0
Dodging        | 1 2 |  2.1
Stealth        | 1 |  1.7
Fighting       | 4 |  4.3
Throwing       | |  0.1

Action                   |  1- 3 |  4- 6 |  7- 9 || total
-------------------------+-------+-------+-------++-------
Melee: War axe           |   123 |   179 |    90 ||   392
Throw: Tomahawk          |       |     2 |       ||     2
  Use: Potion            |     1 |       |       ||     1
       Scroll            |       |     1 |       ||     1
 Stab: Sleeping          |       |     1 |       ||     1
       Distracted        |       |       |     1 ||     1
  Eat: Chunk             |     2 |     5 |     2 ||     9
       Beef jerky        |       |       |     1 ||     1
Armor: Scale mail        |    61 |    71 |    56 ||   188
Dodge: Dodged            |    38 |    53 |    30 ||   121
Block: Shield            |    59 |    82 |    34 ||   175
